 Dungeon Crawl Stone Soup version 0.23-a0-325-gb46b2e5 (webtiles) character file.

7744 BingusPrime the Cleaver (level 11, -2/100 HPs)
             Began as a Deep Dwarf Blood Knight on Oct 27, 2018.
             Was a High Priest of Makhleb.
             Killed from afar by a rime drake (22 damage)
             ... with a flash freeze
             ... on level 1 of the Lair of Beasts.
             The game lasted 00:30:21 (7858 turns).

BingusPrime the Cleaver (Deep Dwarf Blood Knight)   Turns: 7858, Time: 00:30:22

Health: -2/100     AC: 18    Str: 18    XL:     11   Next: 0%
Magic:  11/11      EV:  9    Int: 13    God:    Makhleb [*****.]
Gold:   457        SH:  7    Dex: 13    Spells: 10/10 levels left

rFire    . . .     SeeInvis .   a - +0 hand axe
rCold    . . .     Gourm    .   h - +2 buckler
rNeg     . . .     Faith    .   r - +0 chain mail
rPois    .         Spirit   .   e - +0 helmet
rElec    .         Reflect  .   g - +1 cloak
rCorr    .         Harm     .   (no gloves)
MR       +....                  x - +2 pair of boots
Stlth    ..........             t - amulet of regeneration
HPRegen  0.00/turn              A - +1 ring of protection
MPRegen  0.12/turn              P - +4 ring of slaying

@: very slightly contaminated, non-regenerating
A: damage resistance, heal wounds, sense surroundings 2, no regeneration
a: Heal Wounds, Minor Destruction, Lesser Servant of Makhleb, Major Destruction,
Greater Servant of Makhleb, Renounce Religion


You were on level 1 of the Lair of Beasts.
You worshipped Makhleb.
Makhleb was extremely pleased with you.
You were not hungry.

You visited 2 branches of the dungeon, and saw 9 of its levels.

You collected 457 gold pieces.

Inventory:

Hand Weapons
 a - a +0 hand axe (weapon)
 w - a +1 antimagic spear
 G - a +0 blowgun
Missiles
 v - 48 bolts
 E - a throwing net
 F - 35 poisoned needles
 T - 4 tomahawks (quivered)
Armour
 b - a +0 leather armour
 e - a +0 helmet (worn)
 g - a +1 cloak (worn)
 h - a +2 buckler (worn)
 r - a +0 chain mail (worn)
 x - a +2 pair of boots (worn)
 J - a +1 leather armour of cold resistance
Jewellery
 t - an amulet of regeneration (around neck)
 A - a +1 ring of protection (left hand)
 K - an uncursed ring of protection from fire
 P - a +4 ring of slaying (right hand)
 Q - a cursed ring of wizardry {unknown}
Wands
 L - a wand of iceblast (6)
 N - a wand of paralysis (17)
 V - a wand of enslavement (12)
Scrolls
 d - 2 scrolls of fog {unknown}
 f - 3 scrolls of remove curse
 j - 3 scrolls of teleportation
 l - 3 scrolls of magic mapping {unknown}
 n - a scroll of fear {unknown}
 o - 3 scrolls of random uselessness {unknown}
 q - 2 scrolls of noise {unknown}
 s - 2 scrolls of blinking {unknown}
 y - 2 scrolls of enchant weapon {unknown}
 D - 3 scrolls of amnesia {unknown}
 H - a scroll of silence {unknown}
 O - a scroll of summoning {unknown}
 S - 2 scrolls of identify
Potions
 i - 2 potions of agility
 k - 5 potions of might
 m - a potion of invisibility
 p - a potion of flight {unknown}
 u - 5 potions of curing {unknown}
 z - a potion of cancellation {unknown}
 B - a potion of lignification {unknown}
 C - 4 potions of brilliance {unknown}
 I - 2 potions of degeneration {unknown}
 U - a potion of heal wounds {unknown}
Comestibles
 c - 17 rations
 R - 14 chunks of flesh


   Skills:
 * Level 7.2 Fighting
 * Level 12.6 Axes
 + Level 2.2 Throwing
 + Level 7.4 Armour
 + Level 3.9 Dodging
 + Level 0.7 Stealth
 + Level 5.1 Shields
 + Level 4.2 Invocations
 + Level 0.6 Evocations


You had 10 spell levels left.
You didn't know any spells.
Your spell library contained the following spells:

 Spells                   Type           Power        Failure   Level  Hunger
 Sandblast                Erth           #.....       97%         1    ##.....
 Shock                    Conj/Air       #...         97%         1    ##.....
 Passwall                 Tmut/Erth      #.......     99%         2    ###....
 Swiftness                Chrm/Air       #.......     99%         2    ###....
 Static Discharge         Conj/Air       #.......     100%        3    ####...
 Stone Arrow              Conj/Erth      #.....       100%        3    ####...
 Airstrike                Air            #.........   100%        4    #####..
 Petrify                  Tmut/Erth      #.......     100%        4    #####..
 Lee's Rapid Deconstruct  Erth           #.........   100%        5    ######.
 Lightning Bolt           Conj/Air       #.........   100%        5    ######.


Dungeon Overview and Level Annotations

Branches:
Dungeon (8/15)             Temple (0/1) D:7            Lair (1/6) D:8

Altars:
Ashenzari
Cheibriados
Elyvilon
Fedhas
Hepliaklqana
Makhleb
Sif Muna
Uskayaw
Vehumet

Annotations:
D:5 exclusion: statue


Innate Abilities, Weirdness & Mutations

You are resistant to damage.
You can heal yourself by infusing magical energy.
You passively map the area around you.
You do not regenerate.


Message History

* * * LOW HITPOINT WARNING * * *
You hit the komodo dragon but do no damage.
The komodo dragon is severely wounded.
You hit the rime drake.
The rime drake bites you but does no damage.
You feel much better. The rime drake breathes ice at you.
The flash freeze misses you.
The komodo dragon bites you but does no damage.
You hit the komodo dragon but do no damage.
The komodo dragon is severely wounded.
You hit the rime drake. You block the rime drake's attack.
The komodo dragon bites you!
* * * LOW HITPOINT WARNING * * *
You slash the komodo dragon!
The komodo dragon is almost dead.
You hit the rime drake. The rime drake breathes ice at you.
The flash freeze hits you!
You die...

*###.... , ,*
....... ,* #.. ,
..... ** #.# ,,
....#####.#* *
#......#.# ## ,, *
#P..#P.#.##. ,
##.....#.#.### * *
#...k..#.#...# .
##P.l@.#.....# ##.#
##....#.#...## #...#
,,
#.##.#.##.#.###..P#*
* #.##.#..#.P..÷..#
,, *
##.##....#....#### ,
* #..##...†#....# *
#.##.#.#...>.# , ,
#....###...### ,
#....#.......# #####


You could see a komodo dragon and a rime drake.

Vanquished Creatures
  Pikel (D:7)
  8 komodo dragons (Lair:1)
  A troll (D:8)
  A hippogriff (D:8)
  Sigmund (D:3)
  Eustachio (D:6)
  3 yaks (Lair:1)
  Menkaure (D:6)
  2 sky beasts
  3 phantoms
  3 ice beasts
  5 ogres
  A wolf (D:8)
  2 centaurs
  A crocodile (Lair:1)
  2 bullfrogs
  A big kobold (D:5)
  Blork the orc (D:6)
  A wyvern skeleton (D:8)
  5 scorpions
  10 killer bees (D:7)
  2 electric eels (D:8)
  3 howler monkeys
  3 crimson imps
  A bullfrog zombie (D:5)
  A quasit (D:7)
  8 hounds
  An iron imp (D:7)
  9 orc wizards
  6 orc priests
  Terence (D:2)
  4 iguanas
  7 worker ants
  2 hound skeletons
  Robin (D:2)
  6 adders
  A shadow imp (D:5)
  An ooze (D:6)
  An adder skeleton (D:6)
  An adder zombie (D:7)
  A worm (D:3)
  A dart slug (D:1)
  7 leopard geckos
  34 orcs
  8 giant cockroaches
  14 goblins
  8 hobgoblins
  17 jackals
  28 kobolds
  A quokka (D:3)
  2 ball pythons (D:1)
  A ball python skeleton (D:4)
  4 bats
  6 frilled lizards
  A leopard gecko zombie (D:8)
  7 rats
253 creatures vanquished.

Notes
Turn   | Place    | Note
-------+----------+-------------------------------------------
     0 | D:1      | BingusPrime the Deep Dwarf Blood Knight began the quest for
                  | the Orb.
     0 | D:1      | Reached XP level 1. HP: 19/19 MP: 3/3
   145 | D:1      | Reached XP level 2. HP: 20/26 MP: 4/4
   695 | D:2      | Reached XP level 3. HP: 26/32 MP: 6/6
   851 | D:2      | Noticed Terence
   857 | D:2      | Noticed Robin
   860 | D:2      | Reached ** piety under Makhleb
   864 | D:2      | Killed Terence
   864 | D:2      | Reached skill level 2 in Axes
   866 | D:2      | Reached XP level 4. HP: 38/40 MP: 7/7
   867 | D:2      | Killed Robin
  1608 | D:3      | Reached skill level 3 in Axes
  1720 | D:3      | Found a hazy altar of Hepliaklqana.
  1732 | D:3      | Reached XP level 5. HP: 30/48 MP: 8/8
  1951 | D:3      | Reached *** piety under Makhleb
  2188 | D:3      | Noticed Sigmund
  2211 | D:3      | Killed Sigmund
  2211 | D:3      | Reached skill level 4 in Axes
  2211 | D:3      | Reached skill level 1 in Shields
  2211 | D:3      | Reached XP level 6. HP: 54/56 MP: 9/9
  2605 | D:4      | Reached skill level 5 in Axes
  2629 | D:4      | Found a white marble altar of Elyvilon.
  2736 | D:4      | Found a burning altar of Makhleb.
  2804 | D:4      | Reached XP level 7. HP: 62/62 MP: 10/10
  3133 | D:5      | Entered Level 5 of the Dungeon
  3164 | D:5      | Reached skill level 6 in Axes
  3356 | D:5      | Found a radiant altar of Vehumet.
  3430 | D:5      | Reached skill level 7 in Axes
  3655 | D:5      | Reached **** piety under Makhleb
  3946 | D:5      | Reached XP level 8. HP: 66/72 MP: 11/11
  4337 | D:6      | Noticed Eustachio
  4350 | D:6      | Reached skill level 1 in Throwing
  4371 | D:6      | Reached skill level 8 in Axes
  4390 | D:6      | Killed Eustachio
  4457 | D:6      | Noticed Blork the orc
  4508 | D:6      | Noticed Menkaure
  4519 | D:6      | Killed Menkaure
  4519 | D:6      | Reached skill level 9 in Axes
  4520 | D:6      | Killed Blork the orc
  4598 | D:6      | Reached ***** piety under Makhleb
  4846 | D:6      | Gained mutation: You passively map the area around you.
                  | [Deep Dwarf growth]
  4846 | D:6      | Reached XP level 9. HP: 65/79 MP: 11/11
  4885 | D:6      | Found a deep blue altar of Sif Muna.
  5034 | D:6      | Found a hide-covered altar of Uskayaw.
  5039 | D:6      | Found a shattered altar of Ashenzari.
  5311 | D:6      | Found a blossoming altar of Fedhas.
  5536 | D:7      | Reached skill level 10 in Axes
  5562 | D:7      | Reached skill level 5 in Armour
  5668 | D:7      | Reached skill level 5 in Fighting
  5921 | D:7      | Found a staircase to the Ecumenical Temple.
  6245 | D:7      | Noticed Pikel
  6272 | D:7      | Killed Pikel
  6430 | D:7      | Reached skill level 11 in Axes
  6522 | D:7      | Found a snail-covered altar of Cheibriados.
  6831 | D:8      | Found a staircase to the Lair.
  6848 | D:8      | Noticed a troll
  6859 | D:8      | Reached XP level 10. HP: 68/91 MP: 12/12
  7613 | Lair:1   | Entered Level 1 of the Lair of Beasts
  7650 | Lair:1   | Reached skill level 12 in Axes
  7738 | Lair:1   | Reached skill level 5 in Shields
  7790 | Lair:1   | HP: 1/94 [komodo dragon (16)]
  7806 | Lair:1   | Reached XP level 11. HP: 53/100 MP: 11/11
  7858 | Lair:1   | Killed from afar by a rime drake

Vault maps used:
D:1:      lightli_arrival_boilingwater
D:2:      uniq_robin, uniq_terence
D:3:      lemuel_zombie_altar_yredelemnul, overflow_temple_1_default,
          grunt_ministairs_5, uniq_sigmund
D:4:      lemuel_doored_altar, elyvilon_altar_1, first_ration
D:5:      kennysheep_kobold_camp, vehumet_statue, hangedman_decor_points,
          grunt_ministairs_1, feat_on_display
D:6:      overflow_temple_1_default, minitemple, fedhas_altar_4, uniq_menkaure,
          uniq_blork_the_orc, uniq_eustachio
D:7:      slow_altar_2, minmay_temple_entry_trees, minmay_misc_feat_pillars,
          uniq_pikel
D:8:      erik_lair_island
Lair:1:   beast_lair_carwin_8, infiniplex_staircase_pool, uniq_gastronok

Skill      XL: |  1  2  3  4  5  6  7  8  9 10 |
---------------+-------------------------------+-----
Fighting       | 2 3 4 5 7 |  7.2
Invocations    | 4 |  4.2
Axes           | 2 3 4 5 7 9 11 12 | 12.6
Dodging        | 2 3 |  3.9
Armour         | 3 4 6 7 |  7.4
Shields        | 1 2 4 5 |  5.1
Throwing       | 1 2 |  2.2
Stealth        | |  0.7
Evocations     | |  0.6

Action                   |  1- 3 |  4- 6 |  7- 9 | 10-12 || total
-------------------------+-------+-------+-------+-------++-------
Melee: Hand axe          |   106 |   290 |   911 |   277 ||  1584
 Fire: Blowgun           |       |       |    39 |       ||    39
Throw: Tomahawk          |       |    13 |       |     4 ||    17
       Throwing net      |       |       |     1 |       ||     1
Invok: Minor Destruction |       |       |       |     1 ||     1
 Abil: Heal Wounds       |       |     2 |     6 |    17 ||    25
Evoke: Wand              |       |       |       |     6 ||     6
  Use: Scroll            |     4 |       |     6 |       ||    10
       Potion            |     1 |       |       |     3 ||     4
 Stab: Sleeping          |       |     1 |       |       ||     1
       Invisible         |       |       |       |     3 ||     3
  Eat: Chunk             |       |     7 |    14 |     4 ||    25
Armor: Leather armour    |    32 |    24 |       |       ||    56
       Chain mail        |       |   139 |   501 |    92 ||   732
Dodge: Dodged            |    61 |    95 |   308 |    61 ||   525
Block: Buckler           |    24 |    70 |   295 |    64 ||   453

Table legend:
 A = Non-vault XP
 B = Vault XP
 C = Vault XP percentage of total XP
 D = Non-vault monster count
 E = Vault monster count
 F = Vault count percentage of total count
                 A         B        C        D         E       F
            +---------+---------+-------+---------+---------+-------
      Total |    6284 |    4779 |  43.2 |     195 |      58 |  22.9
            +---------+---------+-------+---------+---------+-------
        D:1 |      39 |       0 |   0.0 |      23 |       0 |   0.0
        D:2 |      54 |      73 |  57.5 |      12 |      13 |  52.0
        D:3 |     116 |     227 |  66.2 |      29 |       3 |   9.4
        D:4 |     245 |       0 |   0.0 |       9 |       0 |   0.0
        D:5 |     643 |     133 |  17.1 |      23 |      22 |  48.9
        D:6 |    1095 |     452 |  29.2 |      35 |       3 |   7.9
        D:7 |    1583 |     684 |  30.2 |      31 |       2 |   6.1
        D:8 |    1572 |     617 |  28.2 |      29 |       7 |  19.4
     Lair:1 |     937 |    2593 |  73.5 |       4 |       8 |  66.7
            +---------+---------+-------+---------+---------+-------
